 Dungeon Crawl Stone Soup version 0.16.1-7-g2c6721e (webtiles) character file.

89 Jackel the Cudgeler (level 4, -1/33 HPs)
             Began as a Demonspawn Gladiator on Mar 30, 2015.
             Slain by a gnoll
             ... wielding a +0 whip
              (5 damage)
             ... on level 2 of the Dungeon.
             The game lasted 00:03:33 (2178 turns).

Jackel the Cudgeler (Demonspawn Gladiator)          Turns: 2178, Time: 00:03:33

Health: -1/33      AC:  5    Str: 15    XL:     4   Next: 31%
Magic:  4/4        EV: 12    Int: 10    God:
Gold:   151        SH:  2    Dex: 14    Spells: 0 memorised, 3 levels left

rFire  . . .     SeeInvis .     a - +0 flail
rCold  . . .     Clarity  .     b - +0 leather armour
rNeg   . . .     SustAb   .     (no shield)
rPois  .         Gourm    .     (helmet restricted)
rElec  .         Spirit   .     (no cloak)
rCorr  .         Warding  .     (no gloves)
rMut   .         Stasis   .     (no boots)
MR     .....                    (no amulet)
Stlth  +.........               (no ring)
                                (no ring)

@: not resistant to hostile enchantments, very unstealthy
A: antennae 1, large bone plates 1
a: no special abilities


You were on level 2 of the Dungeon.
You were not hungry.

You visited 1 branch of the dungeon, and saw 2 of its levels.

You collected 151 gold pieces.

Inventory:

Hand weapons
 a - a +0 flail (weapon)
 p - a +0 whip
Missiles
 d - a throwing net (quivered)
Armour
 b - a +0 leather armour (worn)
 c - a +0 helmet
Jewellery
 h - an uncursed ring of sustain abilities {unknown}
Scrolls
 g - a scroll of enchant weapon {unknown}
 k - a scroll of random uselessness {unknown}
 l - a scroll of enchant armour {unknown}
 m - 3 scrolls of identify {unknown}
 n - a scroll of recharging {unknown}
 o - a scroll of noise {unknown}
 q - 2 scrolls of blinking {unknown}
Potions
 e - a potion of curing {unknown}
 i - a potion of invisibility {unknown}
 j - a potion of haste {unknown}
 r - a potion of resistance {unknown}
 s - a potion of heal wounds {unknown}
Comestibles
 f - a bread ration


   Skills:
 - Level 2.0 Fighting
 * Level 4.7 Maces & Flails
 - Level 1.7 Throwing
 - Level 2.6 Dodging


You had 3 spell levels left.
You didn't know any spells.

Dungeon Overview and Level Annotations

Branches:
Dungeon (2/15)

Altars:


Innate Abilities, Weirdness & Mutations

You have a pair of small antennae on your head.
You are partially covered in large bone plates (AC +2, SH +2).


Message History

You hit the gnoll but do no damage.
The gnoll is lightly wounded.
The gnoll struggles against the net.
The gnoll hits you with a whip.
* * * LOW HITPOINT WARNING * * *
You hit the gnoll!
The gnoll is severely wounded.
The gnoll struggles against the net.
The net rips apart, and the gnoll comes free!
The gnoll hits you with a whip.
* * * LOW HITPOINT WARNING * * *
You hit the gnoll.
You kill the gnoll!
The gnoll misses you.
Throwing (i - inventory):
d - 2 throwing nets (quivered)
Press: ? - help, Shift-Dir - straight line, f - gnoll
Aim: a gnoll, wielding a whip You throw a throwing net.
The throwing net closely misses the gnoll.
The gnoll hits you with a whip.
You die...

#########
##########.........
#..@)....(.........
####g##.....#######
#.........#####
###...<.........
##########.......#####..
#.(.........(...........
#.............##.######.
#..........#.###.#
###########..###.# ..


You could see a gnoll.

Vanquished Creatures
  2 gnolls (D:2)
  An adder (D:2)
  4 worms
  A giant gecko (D:2)
  4 giant cockroaches
  4 hobgoblins
  6 jackals (D:1)
  3 kobolds
  7 bats
  A giant newt (D:2)
  3 goblins (D:1)
36 creatures vanquished.

Notes
Turn   | Place    | Note
--------------------------------------------------------------
     0 | D:1      | Jackel, the Demonspawn Gladiator, began the quest for the Orb.
     0 | D:1      | Reached XP level 1. HP: 16/16 MP: 1/1
   355 | D:1      | Reached skill level 3 in Maces & Flails
   420 | D:1      | Gained mutation: You are partially covered in large bone plates (AC +2, SH +2). [demonic ancestry]
   420 | D:1      | Reached XP level 2. HP: 15/22 MP: 2/2
  1289 | D:1      | Gained mutation: You have a pair of small antennae on your head. [demonic ancestry]
  1289 | D:1      | Reached XP level 3. HP: 6/27 MP: 3/3
  1602 | D:2      | Reached skill level 4 in Maces & Flails
  2163 | D:2      | Reached XP level 4. HP: 28/33 MP: 4/4
  2178 | D:2      | Slain by a gnoll

Action                   |  1- 3 |  4- 6 || total
-------------------------+-------+-------++-------
Melee: Flail             |   137 |    11 ||   148
       Whip              |    49 |       ||    49
Throw: Throwing net      |     4 |     3 ||     7
 Stab: Held in net/web   |     3 |     1 ||     4
  Eat: Meat ration       |     1 |       ||     1
       Chunk             |     1 |       ||     1
